 Dungeon Crawl Stone Soup version 0.20-a0-351-gc9b4002 (webtiles) character file.

4020 Faca the Cleaver (level 10, -6/79 HPs)
             Began as a Formicid Fighter on Dec 24, 2016.
             Was a Believer of Okawaru.
             Killed from afar by an electric eel (14 damage)
             ... with a bolt of electricity
             ... on level 8 of the Dungeon.
             The game lasted 00:18:38 (5973 turns).

Faca the Cleaver (Formicid Fighter)                 Turns: 5973, Time: 00:18:39

Health: -6/79      AC: 12    Str: 20    XL:     10   Next: 47%
Magic:  10/10      EV:  8    Int:  9    God:    Okawaru [**....]
Gold:   412        SH: 11    Dex: 13    Spells: 9/9 levels left

rFire  + . .     SeeInvis +     y - +0 battleaxe
rCold  x . .     Gourm    .     w - +0 chain mail
rNeg   . . .     Faith    .     c - +0 shield
rPois  +         Spirit   .     (helmet unavailable)
rElec  .         Reflect  .     k - +1 cloak
rCorr  .         Harm     .     (no gloves)
MR     +....                    (no boots)
Stlth  ..........               m - amulet of regeneration
                                o - ring of fire
                                h - ring of poison resistance

@: no status effects
A: permanent stasis, dig shafts and tunnels, four strong arms, antennae 3
a: Dig, Shaft Self, Heroism, Renounce Religion


You were on level 8 of the Dungeon.
You worshipped Okawaru.
Okawaru was pleased with you.
You were not hungry.

You visited 2 branches of the dungeon, and saw 9 of its levels.

You collected 478 gold pieces.
You spent 66 gold pieces at shops.

Inventory:

Hand Weapons
 y - a +0 battleaxe (weapon)
Missiles
 g - an exploding tomahawk (quivered)
Armour
 c - a +0 shield (worn)
 k - a +1 cloak (worn)
 w - a +0 chain mail (worn)
Jewellery
 h - a ring of poison resistance (left hand)
 m - an amulet of regeneration (around neck)
 o - a ring of fire (right hand)
Wands
 p - a wand of lightning (2/15)
 A - a wand of iceblast (2/15)
Scrolls
 r - 3 scrolls of identify
 s - 4 scrolls of remove curse
 u - a scroll of fear
 v - 5 scrolls of magic mapping
 B - a scroll of fog
Potions
 d - 4 potions of might
 e - 2 potions of agility
 i - 4 potions of flight
 l - a potion of lignification
 n - 5 potions of curing
 t - 3 potions of resistance
 x - a potion of invisibility
Comestibles
 a - a beef jerky
 b - 3 fruits
 f - 6 bread rations
 j - 3 chunks of flesh
 q - a meat ration
 z - a royal jelly


   Skills:
 + Level 7.4 Fighting
 + Level 9.8 Axes
 + Level 7.0 Armour
 + Level 2.7 Dodging
 + Level 1.8 Stealth
 + Level 8.0 Shields


You had 9 spell levels left.
You didn't know any spells.

Dungeon Overview and Level Annotations

Branches:
Dungeon (8/15)             Temple (1/1) D:7            Lair (0/6) D:8

Altars:
Ashenzari
Dithmenos
Elyvilon
Fedhas
Hepliaklqana
Kikubaaqudgha
Nemelex Xobeh
Okawaru
Ru
Sif Muna
Uskayaw

Shops:
D:4 ?


Innate Abilities, Weirdness & Mutations

You cannot be hasted, slowed, berserked, paralysed or teleported.
You can dig through walls and to a lower floor.
Your four strong arms can wield two-handed weapons with a shield.
You have a pair of large antennae on your head. (SInv)


Message History

The electric eel is severely wounded.
The electric eel shoots out a bolt of lightning at you!
The bolt of electricity hits you! x2
The bolt of electricity hits the electric eel.
The electric eel completely resists.
You miss the electric eel.
The electric eel is severely wounded.
The electric eel shoots out a bolt of lightning at you!
The bolt of electricity hits you!
* * * LOW HITPOINT WARNING * * *
The bolt of electricity hits you!
* * * LOW HITPOINT WARNING * * *
The bolt of electricity misses the electric eel.
You barely miss the electric eel.
The electric eel is severely wounded.
The electric eel shoots out a bolt of lightning at you!
The bolt of electricity hits you!
* * * LOW HITPOINT WARNING * * *
The bolt of electricity hits you!
You die...

############ #..........#
######## #.########.# .......#
##.########.###########
...###.####...#...........#......
##.# #......#<..@..........>.....
#.###...........;..........#####
#.##.....≈...[..≈≈.≈...≈≈..#
#........≈≈≈..≈≈.≈≈≈..≈....#
####....≈≈≈≈≈≈≈≈≈≈≈≈≈≈≈....#
#....≈≈≈≈≈≈≈≈≈≈.≈≈≈≈≈≈...#
#.......≈≈≈≈...≈..≈≈≈....#
####y....≈≈≈≈≈≈≈≈...≈≈≈.≈≈..#
..................>..≈≈≈;...#


You could see an electric eel.

Vanquished Creatures
  The ghost of VonBacon the Fighter, a novice MiFi of Okawaru (D:7)
  A troll (D:8)
  Grinder (D:3)
  Sigmund (D:2)
  A spriggan (D:8)
  The ghost of kitkat the Magician, an amateur DrFE (D:3)
  Duvessa (D:6)
  A sky beast (D:6)
  2 phantoms
  2 ice beasts
  An orc warrior (D:6)
  3 centaurs
  4 wolves (D:8)
  An ogre (D:4)
  A bullfrog (D:8)
  Dowan (D:6)
  5 killer bees
  A crimson imp (D:7)
  5 hounds
  2 orc priests
  Crazy Yiuf (D:2)
  A bullfrog skeleton (D:5)
  2 orc wizards
  A centaur skeleton (D:4)
  Jessica (D:2)
  Natasha (D:3)
  3 iguanas
  7 worker ants
  A killer bee zombie (D:8)
  A hound skeleton (D:5)
  A hound zombie (D:6)
  2 gnolls
  7 adders
  A shadow imp (D:5)
  An ooze (D:3)
  3 adder skeletons
  An adder zombie (D:6)
  4 dart slugs
  2 leopard geckos (D:1)
  22 orcs
  2 ball pythons
  4 giant cockroaches
  8 goblins
  5 hobgoblins
  5 jackals
  7 kobolds
  2 quokkas
  3 bats
  3 frilled lizards
  A jackal skeleton (D:4)
  8 rats
  A fungus (D:2)
148 creatures vanquished.

Vanquished Creatures (others)
  An adder (D:8)
1 creature vanquished.

Grand Total: 149 creatures vanquished

Notes
Turn   | Place    | Note
-------+----------+-------------------------------------------
     0 | D:1      | Faca the Formicid Fighter began the quest for the Orb.
     0 | D:1      | Reached XP level 1. HP: 18/18 MP: 1/1
    10 | D:1      | Reached XP level 2. HP: 22/24 MP: 2/2
   302 | D:1      | Reached XP level 3. HP: 16/30 MP: 3/3
   517 | D:2      | Found a blossoming altar of Fedhas.
   574 | D:2      | Noticed Sigmund
   584 | D:2      | Killed Sigmund
   584 | D:2      | Reached skill level 5 in Fighting
   584 | D:2      | Reached skill level 3 in Axes
   584 | D:2      | Reached XP level 4. HP: 26/39 MP: 4/4
   584 | D:2      | Reached XP level 5. HP: 30/44 MP: 5/5
   584 | D:2      | Reached XP level 6. HP: 34/51 MP: 6/6
   671 | D:2      | Found a shadowy altar of Dithmenos.
   765 | D:2      | Found a sparkling altar of Nemelex Xobeh.
   951 | D:2      | Noticed Jessica
   953 | D:2      | Killed Jessica
  1055 | D:2      | Found a runed door.
  1060 | D:2      | Noticed Crazy Yiuf
  1063 | D:2      | Killed Crazy Yiuf
  1247 | D:3      | Reached skill level 4 in Axes
  1296 | D:3      | Noticed kitkat's ghost (amateur DrFE)
  1311 | D:3      | Killed kitkat's ghost
  1311 | D:3      | Reached skill level 1 in Dodging
  1311 | D:3      | Reached XP level 7. HP: 44/56 MP: 7/7
  1360 | D:3      | Reached skill level 1 in Stealth
  1646 | D:3      | Reached skill level 5 in Shields
  1687 | D:3      | Found a shattered altar of Ashenzari.
  1861 | D:3      | Noticed Grinder
  1867 | D:3      | Noticed Natasha
  1879 | D:3      | Killed Natasha
  1902 | D:3      | Killed Grinder
  1902 | D:3      | Reached skill level 5 in Axes
  1902 | D:3      | Reached skill level 5 in Armour
  1902 | D:3      | Reached XP level 8. HP: 19/64 MP: 8/8
  2260 | D:4      | Found Gemiysha's Magic Scroll Emporium.
  2279 | D:4      | Bought a scroll of identify for 22 gold pieces
  2279 | D:4      | Bought a scroll of identify for 22 gold pieces
  2279 | D:4      | Bought a scroll of identify for 22 gold pieces
  2365 | D:4      | Reached skill level 6 in Axes
  2822 | D:5      | Entered Level 5 of the Dungeon
  3435 | D:6      | Reached XP level 9. HP: 64/69 MP: 9/9
  3485 | D:6      | Reached skill level 7 in Axes
  3644 | D:6      | Found an ancient bone altar of Kikubaaqudgha.
  3828 | D:6      | Found a hazy altar of Hepliaklqana.
  3924 | D:6      | Found a hide-covered altar of Uskayaw.
  3924 | D:6      | Found a white marble altar of Elyvilon.
  3983 | D:6      | Noticed Duvessa
  3992 | D:6      | Killed Duvessa
  3993 | D:6      | Noticed Dowan
  4013 | D:6      | Killed Dowan
  4013 | D:6      | Reached skill level 8 in Axes
  4330 | D:7      | Found a staircase to the Ecumenical Temple.
  4346 | Temple   | Entered the Ecumenical Temple
  4381 | Temple   | Became a worshipper of Warmaster Okawaru
  4617 | D:7      | Noticed VonBacon's ghost (novice MiFi)
  4626 | D:7      | Killed VonBacon's ghost
  4626 | D:7      | Reached * piety under Okawaru
  4626 | D:7      | Reached skill level 9 in Axes
  4626 | D:7      | Reached XP level 10. HP: 53/79 MP: 10/10
  4859 | D:7      | Found a deep blue altar of Sif Muna.
  5197 | D:8      | Reached ** piety under Okawaru
  5499 | D:8      | Found a staircase to the Lair.
  5973 | D:8      | Killed from afar by an electric eel

Vault maps used:
D:1:      mrwooster_arrival_statue, minivault_25, minmay_misc_feat_encased
D:2:      grunt_dithmenos_smoke_and_mirrors, old_standard_altar, fedhas_altar_1,
          uniq_sigmund, uniq_crazy_yiuf_cottage, uniq_jessica
D:3:      lemuel_doored_altar, first_bread, kennysheep_generic_room_16,
          uniq_natasha, uniq_grinder
D:4:      serial_shops, nicolae_shop_temple_entry_statues_fountains,
          serial_bayou_pond_c, grunt_ministairs_9
D:5:      mrwooster_statue_mirror, minivault_25, sigmund_army
D:6:      lemuel_crystal_altar, kiku_gazebo_pond_becter,
          gammafunk_temple_overflow_elements, uniq_duvessa
D:7:      lemuel_blue_sif_altar
D:8:      erik_lair_island, the_bakery
Temple:   grunt_temple_mini_profane

Skill      XL: |  1  2  3  4  5  6  7  8  9 10 |
---------------+-------------------------------+-----
Fighting       | 4 5 6 7 |  7.4
Axes           | 3 4 5 6 9 |  9.8
Shields        | 4 5 6 7 8 |  8.0
Armour         | 4 5 6 7 |  7.0
Dodging        | 1 2 |  2.7
Stealth        | 1 |  1.8

Action                   |  1- 3 |  4- 6 |  7- 9 | 10-12 || total
-------------------------+-------+-------+-------+-------++-------
Melee: War axe           |    59 |    74 |   282 |       ||   415
       Battleaxe         |       |       |    95 |   156 ||   251
 Abil: Dig               |       |       |     1 |     3 ||     4
  Use: Scroll            |     2 |     2 |    13 |       ||    17
       Potion            |     1 |     2 |     1 |     1 ||     5
  Eat: Meat ration       |       |     1 |     1 |       ||     2
       Chunk             |       |       |     1 |     1 ||     2
       Bread ration      |       |       |     1 |       ||     1
       Fruit             |       |       |     2 |       ||     2
Armor: Scale mail        |    23 |    23 |    42 |       ||    88
       Chain mail        |       |       |    80 |    72 ||   152
       Skin              |       |       |       |    15 ||    15
Dodge: Dodged            |    21 |    18 |    97 |    69 ||   205
Block: Shield            |    30 |    33 |   199 |   122 ||   384
